 Dungeon Crawl Stone Soup version 0.24.0-123-gd5b16e6ec5 (webtiles) character file.

Game seed: 17617411304800616485, levelgen mode: deterministic

168 mortelune the Skirmisher (level 5, 0/42 HPs)
             Began as a Formicid Abyssal Knight on Dec 21, 2019.
             Was a Believer of Lugonu.
             Killed by divine providence
             ... invoked by an orc priest
              (12 damage)
             ... on level 2 of the Dungeon.
             The game lasted 00:05:24 (3807 turns).

mortelune the Skirmisher (Formicid Abyssal Knight)  Turns: 3807, Time: 00:05:24

Health: 0/42       AC:  5    Str: 17    XL:     5   Next: 78%
Magic:  6/6        EV: 10    Int: 12    God:    Lugonu [**....]
Gold:   143        SH:  6    Dex: 10    Spells: 4/4 levels left

rFire    + . .     SeeInvis +   a - +1 falchion
rCold    + . .     Gourm    .   j - +2 buckler
rNeg     . . .     Faith    .   f - +0 ring mail
rPois    .         Spirit   .   (helmet unavailable)
rElec    .         Reflect  .   y - scarf {rC+ rF+}
rCorr    .         Harm     .   (no gloves)
MR       .....                  (no boots)
Stlth    ..........             (no amulet)
HPRegen  0.14/turn              (no ring)
MPRegen  0.10/turn              (no ring)

@: no status effects
A: permanent stasis, dig shafts and tunnels, four strong arms, antennae 3
a: Dig, Shaft Self, Depart the Abyss, Bend Space, Renounce Religion


You were on level 2 of the Dungeon.
You worshipped Lugonu.
Lugonu was pleased with you.
You were not hungry.

You visited 1 branch of the dungeon, and saw 3 of its levels.
You visited the Abyss 1 time.

You collected 143 gold pieces.

Inventory:

Hand Weapons
 a - a +1 falchion (weapon)
 b - a +2 hunting sling of freezing
 l - a +4 hunting sling of freezing
 w - a +0 morningstar
Missiles
 v - 78 stones (quivered)
Armour
 f - a +0 ring mail (worn)
 j - a +2 buckler (worn)
 o - a +0 leather armour
 y - a scarf of resistance (worn)
Jewellery
 r - an uncursed ring of magical power {unknown}
Scrolls
 d - 3 scrolls of teleportation {unknown}
 e - a scroll of enchant weapon {unknown}
 g - a scroll of fear {unknown}
 h - a scroll of magic mapping {unknown}
 m - a scroll of amnesia {unknown}
 n - a scroll of enchant armour {unknown}
 q - a scroll of identify {unknown}
 s - a scroll of fog {unknown}
 t - a scroll of random uselessness {unknown}
Potions
 i - a potion of magic {unknown}
 k - 2 potions of curing {unknown}
 p - a potion of degeneration {unknown}
 u - a potion of haste {unknown}
Comestibles
 c - 6 rations


   Skills:
 + Level 4.1 Fighting
 * Level 3.7 Long Blades
 + Level 3.2 Armour
 - Level 1.3 Dodging
 + Level 2.0 Shields
 - Level 2.1 Invocations


You had 4 spell levels left.
You didn't know any spells.
Your spell library contained the following spells:

 Spells                   Type           Power        Failure   Level  Hunger
 Confusing Touch          Hex            #.....       54%         1    ##.....
 Confuse                  Hex            #.......     88%         3    ####...
 Gell's Gravitas          Tloc           #.........   88%         3    ####...
 Petrify                  Tmut/Erth      #.......     99%         4    #####..
 Metabolic Englaciation   Hex/Ice        #.........   100%        5    ######.
 Yara's Violent Unravell  Hex/Tmut       #.........   100%        5    ######.


Dungeon Overview and Level Annotations

Branches:
Dungeon (3/15)

Altars:
Dithmenos
Fedhas
Makhleb
Wu Jian


Innate Abilities, Weirdness & Mutations

You cannot be hasted, slowed, berserked, paralysed or teleported.
You can dig through walls and to a lower floor.
Your four strong arms can wield two-handed weapons with a shield.
You have a pair of large antennae on your head. (SInv)


Message History

There is a stone staircase leading down here.
You slash the orc priest!
The orc priest is heavily wounded.
The orc priest hits you with a +0 flail.
You hit the orc priest.
The orc priest is heavily wounded.
The orc priest hits you with a +0 flail.
You hit the orc priest.
The orc priest is severely wounded.
The orc priest calls down the wrath of Beogh upon you.
Beogh smites you!
You hit the orc priest.
The orc priest is almost dead.
The orc priest hits you with a +0 flail.
* * * LOW HITPOINT WARNING * * *
You closely miss the orc priest.
The orc priest is almost dead.
The orc priest invokes the aid of Beogh against you.
Beogh smites you!
You die...

############
#......#...#
####......#...####
#@o..)............
#.#.......#.......
#.#.......#.......
###.##......#.......
#...........#.....(.
#...........####....
#........#######....
#........## #......
#.........# ##.####.


You could see an orc priest.

Vanquished Creatures
  2 orc priests (D:2)
  4 adders
  A gnoll (D:1)
  A worm (D:3)
  3 orcs (D:3)
  4 giant cockroaches
  12 goblins
  12 hobgoblins
  A ball python (D:1)
  2 bats
  A frilled lizard (D:1)
  9 kobolds
  6 rats
58 creatures vanquished.

Notes
Turn   | Place    | Note
-------+----------+-------------------------------------------
     0 | Abyss:1  | mortelune the Formicid Abyssal Knight began the quest for
                  | the Orb.
     0 | Abyss:1  | Reached XP level 1. HP: 18/18 MP: 2/2
    77 | Abyss:1  | Noticed a small abomination
    80 | D:1      | Escaped the Abyss
   114 | D:1      | Reached skill level 1 in Dodging
   114 | D:1      | Reached XP level 2. HP: 21/24 MP: 3/3
   206 | D:1      | Reached * piety under Lugonu
   698 | D:1      | Reached XP level 3. HP: 25/29 MP: 4/4
  1949 | D:2      | Found a burning altar of Makhleb.
  1997 | D:2      | Found a blossoming altar of Fedhas.
  2002 | D:2      | Reached XP level 4. HP: 26/37 MP: 5/5
  2119 | D:2      | Found an ornate altar of the Wu Jian Council.
  2408 | D:2      | Reached skill level 1 in Shields
  2871 | D:2      | Reached XP level 5. HP: 42/42 MP: 6/6
  2915 | D:3      | Found a shadowy altar of Dithmenos.
  2956 | D:3      | Reached skill level 4 in Fighting
  3300 | D:3      | Reached ** piety under Lugonu
  3807 | D:2      | Killed from afar by an orc priest

Levels and vault maps discovered:
D:1:      dpeg_arrival_boxes_within_box, layout_basic
D:2:      layout_basic, old_standard_altar, overflow_temple_1_default,
          lemuel_round_altar, first_ration, minmay_goblin_kobold_house
D:3:      layout_loops_corners, lemuel_doored_altar, tgw_sif,
          old_standard_altar, uniq_jessica, uniq_sigmund

Skill      XL: |  1  2  3  4  5 |
---------------+----------------+-----
Dodging        | 1 |  1.3
Long Blades    | 3 |  3.7
Shields        | 1 2 |  2.0
Armour         | 3 |  3.2
Fighting       | 4 |  4.1
Invocations    | |  2.1

Action                   |  1- 3 |  4- 6 || total
-------------------------+-------+-------++-------
Melee: Falchion          |    79 |    81 ||   160
 Fire: Hunting sling     |       |    34 ||    34
Invok: Depart the Abyss  |     1 |       ||     1
  Eat: Chunk             |     3 |     6 ||     9
Armor: Leather armour    |    13 |       ||    13
       Ring mail         |     8 |    24 ||    32
Dodge: Dodged            |    46 |    34 ||    80
Block: Buckler           |     3 |    20 ||    23
       Rpst.: Falchion   |    14 |     7 ||    21
